 Dungeon Crawl Stone Soup version 0.21.2 (webtiles) character file.

74 bnggit the Skirmisher (level 4, 0/41 HPs)
             Began as a Minotaur Abyssal Knight on Sept 21, 2018.
             Was a Believer of Lugonu.
             Succumbed to a worker ant's poison
             ... on level 3 of the Dungeon.
             The game lasted 00:21:18 (849 turns).

bnggit the Skirmisher (Minotaur Abyssal Knight)      Turns: 849, Time: 00:21:18

Health: 0/41       AC:  4    Str: 17    XL:     4   Next: 10%
Magic:  4/4        EV: 11    Int:  9    God:    Lugonu [**....]
Gold:   26         SH:  0    Dex: 10    Spells: 3/3 levels left

rFire    . . .     SeeInvis .   a - +1 falchion
rCold    . . .     Gourm    .   (no shield)
rNeg     . . .     Faith    .   b - +1 leather armour
rPois    .         Spirit   .   (helmet restricted)
rElec    .         Reflect  .   (no cloak)
rCorr    .         Harm     .   (no gloves)
MR       .....                  (no boots)
Stlth    +.........             (no amulet)
HPRegen  0.13/turn              (no ring)
MPRegen  0.09/turn              (no ring)

@: lethally poisoned (0 -> -3)
A: retaliatory headbutt, horns 2
a: Depart the Abyss, Bend Space, Renounce Religion


You were on level 3 of the Dungeon.
You worshipped Lugonu.
Lugonu was pleased with you.
You were very full.

You visited 1 branch of the dungeon, and saw 3 of its levels.
You visited the Abyss 1 time.

You collected 26 gold pieces.

Inventory:

Hand Weapons
 a - a +1 falchion (weapon)
 g - a +0 war axe
 h - a +0 club
 k - a +0 dagger
Missiles
 d - 20 stones (quivered)
 e - 13 poisoned needles
 f - 20 bolts
Armour
 b - a +1 leather armour (worn)
Scrolls
 i - a scroll of enchant armour
 j - a scroll of enchant weapon {unknown}
 l - a scroll of identify
Comestibles
 c - a ration


   Skills:
 * Level 4.6 Fighting
 + Level 3.2 Long Blades
 + Level 1.0 Throwing
 * Level 3.0 Armour
 + Level 1.3 Dodging
 + Level 2.3 Invocations


You had 3 spell levels left.
You didn't know any spells.

Dungeon Overview and Level Annotations

Branches:
Dungeon (3/15)

Altars:


Innate Abilities, Weirdness & Mutations

You reflexively headbutt those who attack you in melee.
You have a pair of horns on your head.


Message History

t - Shout!
Orders for allies: a - Attack new target. r - Retreat! s - Stop attacking. g - Guard the area. f - Follow me.
Anything else - Cancel.
Retreat in which direction?
Press: ? - help, Dir - move target cursor Fall back!
The worker ant misses you.
* * * LOW HITPOINT WARNING * * *
You feel sick.
You closely miss the worker ant. You headbutt the worker ant.
You kill the worker ant!
Lugonu accepts your kill.
Your Long Blades skill increases to level 3!
Your Throwing skill increases to level 1!
You have reached level 4!
You feel agile.
There isn't anything here!
You eat one of the 2 rations.
That ration really hit the spot!
You die...

#.#.. .. #.#<. . #.# #.#..
.. .. #.#+# ... #. #....
.... #.## #+# #.... #...
#..# #.# #....
#....####.########.#####...
+=...'...o@....†......†....
#....####..#####.....####..
#... ##.# #.....# #.. ###
#.# ........# #..
#...........# #..
##........### #.. ........#
#.. ........# #.. #..


You could see an orc.

Vanquished Creatures
  A worker ant (D:3)
  2 adders
  A dart slug (D:3)
  2 leopard geckos (D:2)
  2 giant cockroaches (D:1)
  4 goblins
  4 hobgoblins
  4 kobolds
  A quokka (D:3)
  3 bats
  4 frilled lizards
  3 rats
31 creatures vanquished.

Notes
Turn   | Place    | Note
-------+----------+-------------------------------------------
     0 | Abyss:1  | bnggit the Minotaur Abyssal Knight began the quest for the Orb.
     0 | Abyss:1  | Reached XP level 1. HP: 19/19 MP: 1/1
    47 | D:1      | Escaped the Abyss
   163 | D:1      | Reached XP level 2. HP: 10/27 MP: 2/2
   224 | D:1      | Reached skill level 4 in Fighting
   370 | D:1      | You fall through a shaft!
   489 | D:2      | Reached ** piety under Lugonu
   489 | D:2      | Reached XP level 3. HP: 33/33 MP: 3/3
   847 | D:3      | HP: 1/34 [poisoned by a worker ant]
   848 | D:3      | Reached skill level 1 in Throwing
   848 | D:3      | Reached XP level 4. HP: 1/41 MP: 4/4
   849 | D:3      | Succumbed to a worker ant's poison

Skill      XL: |  1  2  3 |
---------------+----------+-----
Invocations    | 2 |  2.3
Fighting       | 4 |  4.6
Armour         | 3 |  3.0
Long Blades    | 3 |  3.2
Throwing       | 1 |  1.0
Dodging        | |  1.3

Action                   |  1- 3 |  4- 6 || total
-------------------------+-------+-------++-------
Melee: Falchion          |    58 |       ||    58
       Headbutt          |     8 |       ||     8
Throw: Stone             |    10 |       ||    10
  Use: Scroll            |     6 |       ||     6
  Eat: Ration            |     1 |     1 ||     2
Armor: Leather armour    |    19 |       ||    19
Dodge: Dodged            |    43 |       ||    43
       Rpst.: Falchion   |    11 |       ||    11
